 Dungeon Crawl Stone Soup version 0.31-a0-986-g5e6e4ef867 (webtiles) character file.

Game seed: 1853651619128392330

784 FakeRyeBread the Ruffian (level 7, 0/70 HPs)
             Began as a Troll Fighter on Nov 9, 2023.
             Slain by a +10 mace of the End {spect, rElec rF- MP+9} (20 damage)
             ... created by a goblin
             ... on level 4 of the Dungeon.
             The game lasted 00:07:59 (3353 turns).

FakeRyeBread the Ruffian (Troll Fighter)            Turns: 3353, Time: 00:08:01

Health: 0/70       AC:  4    Str: 25    XL:     7   Next: 55%
Magic:  6/6        EV:  9    Int:  6    God:
Gold:   1190       SH:  9    Dex:  9    Spells: 6/6 levels left

rFire   . .          .
                       - Unarmed
rCold   + . .        b - +1 kite shield
rNeg    . . .        a - +0 robe
rPois   .            (helmet restricted)
rElec   .            (no cloak)
rCorr   .            (gloves unavailable)
SInv    .            (boots unavailable)
Will    .....        (no amulet)
Stlth   +            p - ring of protection from cold
HPRegen 1.11/turn    (no ring)
MPRegen 0.10/turn

%: no passive effects
@: no status effects
A: large, unfitting armour, claws 3, regeneration 1, shaggy fur 1, tough skin 1
a: no special abilities


You were on level 4 of the Dungeon.
You visited 1 branch of the dungeon, and saw 4 of its levels.

You collected 1190 gold pieces.

Inventory:

Missiles
 i - 24 stones
 k - 4 poisoned darts
 m - 2 boomerangs
Armour
 a - a +0 robe (worn)
 b - a +1 kite shield (worn)
 h - a scarf of invisibility
Jewellery
 p - a ring of protection from cold (left claw)
Scrolls
 o - a scroll of immolation {unknown}
 q - a scroll of enchant armour
 r - a scroll of identify
 s - a scroll of butterflies
 u - a scroll of teleportation {unknown}
Potions
 c - 2 potions of might
 d - a potion of degeneration {unknown}
 e - a potion of ambrosia {unknown}
 f - 2 potions of curing
 g - 2 potions of cancellation
 j - a potion of mutation {unknown}
 l - a potion of enlightenment {unknown}
 n - a potion of haste {unknown}
 t - a potion of heal wounds {unknown}


   Skills:
 + Level 4.2 Fighting
 - Level 2.4 Dodging
 + Level 4.6 Shields
 * Level 6.3 Unarmed Combat


You had 6 spell levels left.
You didn't know any spells.
Your spell library was empty.

Dungeon Overview and Level Annotations

Branches:
Dungeon (4/15)
 Temple: D:4-7

Altars:
Nemelex Xobeh


Innate Abilities, Weirdness & Mutations

You are too large for most types of armour.
You have claws for hands.
Your natural rate of healing is unusually fast.
You are covered in fur. (AC +1)
You have tough skin. (AC +1)


Message History

You barely miss the ogre.
The ogre is severely wounded.
You claw the ogre!
You kill the ogre!
You claw the iguana!
You kill the iguana!
You claw the giant cockroach!
You kill the giant cockroach!
No target in view!
No target in view!
Things that are here:
a +0 giant club; an ogre corpse
Found a stone staircase leading down.
Found 2 datura-tipped darts.
You see here 2 datura-tipped darts.
A goblin comes into view. It is wielding a +0 sling.
The goblin shouts!
You hear a shout!
The goblin shoots a sling bullet.
The sling bullet hits you but does no damage.
The goblin unwields a +0 sling.
The goblin wields the +10 mace of the End {spect, rElec rF- MP+9}.
You block the goblin's attack.
The +10 mace of the End {spect, rElec rF- MP+9} hits you!
A +10 mace of the End {spect, rElec rF- MP+9} comes into view.
You scratch the +10 mace of the End {spect, rElec rF- MP+9}.
The goblin shares its spectral weapon's damage!
The +10 mace of the End {spect, rElec rF- MP+9} is lightly damaged.
The goblin barely misses you.
You block the +10 mace of the End {spect, rElec rF- MP+9}'s attack.
You scratch the goblin.
The goblin is severely wounded.
The +10 mace of the End {spect, rElec rF- MP+9} hits you!
The goblin hits you with the +10 mace of the End {spect, rElec rF- MP+9}!
The +10 mace of the End {spect, rElec rF- MP+9} hits you.
The +10 mace of the End {spect, rElec rF- MP+9} hits you!
* * * LOW HITPOINT WARNING * * *
You closely miss the goblin.
The goblin is severely wounded.
The +10 mace of the End {spect, rElec rF- MP+9} hits you!!
You die...

.....[....#.....##..
.######.........##..
###....).#....#....
.......#.†.........
.....#.#)#....#....
...#.#.#......#....
#.#.#.#.#......#.#.#
#.#g#.#.#..#........
#.#.(@#.#.#..#..##...#
#.......#.#..........#
#...........#.....###..#
.....###.............>.#
..####...........#######
# #...........#
#...........#
###.........#
#.........#


You could see a +10 mace of the End {spect, rElec rF- MP+9} and a goblin.

Vanquished Creatures
  Grinder (D:3)
  Sigmund (D:3)
  An ogre (D:4)
  An orc priest (D:4)
  2 iguanas (D:4)
  Natasha (thrice) (D:2)
  3 gnolls (D:3)
  3 adders (D:3)
  4 dart slugs
  A worm (D:2)
  12 orcs
  8 ball pythons
  A bat (D:3)
  11 endoplasms
  7 giant cockroaches
  9 hobgoblins
  7 jackals
  3 kobolds
  3 quokkas
  3 frilled lizards
  9 goblins
  7 rats
100 creatures vanquished.

Notes
Turn   | Place    | Note
-------+----------+-------------------------------------------
     0 | D:1      | FakeRyeBread the Troll Fighter began the quest for the Orb.
     0 | D:1      | Reached XP level 1. HP: 22/22 MP: 0/0
    45 | D:1      | Found a faded altar of an unknown god.
    76 | D:1      | Reached XP level 2. HP: 29/29 MP: 1/1
   623 | D:1      | Reached XP level 3. HP: 36/36 MP: 2/2
   827 | D:2      | Found a sparkling altar of Nemelex Xobeh.
   909 | D:2      | Reached skill level 3 in Unarmed Combat
  1163 | D:2      | Noticed Natasha
  1179 | D:2      | Killed Natasha
  1180 | D:2      | Reached XP level 4. HP: 39/44 MP: 3/3
  1360 | D:2      | Noticed Natasha
  1370 | D:2      | Killed Natasha
  1698 | D:2      | Noticed Natasha
  1708 | D:2      | Killed Natasha
  1945 | D:3      | Reached XP level 5. HP: 31/53 MP: 4/4
  1984 | D:3      | Reached skill level 4 in Unarmed Combat
  2131 | D:3      | Noticed Sigmund
  2184 | D:3      | Killed Sigmund
  2185 | D:3      | Reached skill level 5 in Unarmed Combat
  2185 | D:3      | Reached XP level 6. HP: 61/61 MP: 5/5
  2294 | D:3      | Noticed Grinder
  2307 | D:3      | Killed Grinder
  2308 | D:3      | Reached XP level 7. HP: 57/70 MP: 6/6
  2885 | D:3      | Identified a scroll of acquirement
  2885 | D:3      | Acquired 1066 gold pieces
  3164 | D:4      | Reached skill level 6 in Unarmed Combat
  3349 | D:4      | Identified the +10 mace of the End {spect, rElec rF- MP+9}
  3353 | D:4      | Slain by a +10 mace of the End {spect, rElec rF- MP+9}

Illustrated notes

Levels and vault maps discovered:
D:1:      amcnicky_arrival_feature_with_door, layout_loops_cross,
          ebering_ecumenical_altar_mist
D:2:      layout_loops_corners, basic_altar, small_statue_intersection,
          grunt_ministairs_14, kennysheep_big_empty_room, uniq_natasha
D:3:      layout_loops_ring, serial_bayou, serial_bayou_lagoon_a,
          serial_bayou_lake_a, serial_bayou_crossing, serial_bayou_lagoon_b,
          minmay_circle_x, uniq_grinder, uniq_sigmund
D:4:      layout_basic, minmay_strange_pillars, minmay_misc_feat_more_columns,
          kennysheep_flooded_box

Skill      XL: |  1  2  3  4  5  6  7 |
---------------+----------------------+-----
Shields        | 3 4 |  4.6
Unarmed Combat | 3 5 6 |  6.3
Fighting       | 3 4 |  4.2
Dodging        | |  2.4

Action                     |  1- 3 |  4- 6 |  7- 9 || total
---------------------------+-------+-------+-------++-------
  Melee: Unarmed           |    88 |    84 |    85 ||   257
    Use: Scroll            |     2 |     4 |     2 ||     8
   Stab: Sleeping          |     1 |     1 |       ||     2
 Armour: Robe              |    40 |    75 |    35 ||   150
  Dodge: Dodged            |    28 |    26 |    23 ||    77
  Block: Kite shield       |    43 |    40 |    29 ||   112

Table legend: (Time is in decaauts)
 A = Elapsed time spent in this place.
 B = Non-inter-level travel time spent in this place.
 C = Inter-level travel time spent in this place.
 D = Time resting spent in this place.
 E = Time spent auto-exploring this place.
 F = Levels seen in this place.
 G = Mean time per level.
                   A        B        C        D        E       F      G
               +--------+--------+--------+--------+--------+-----+--------+
         Total |   3362 |   2951 |    411 |     19 |   2334 |   4 |  840.5 |
       Dungeon |   3362 |   2951 |    411 |     19 |   2334 |   4 |  840.5 |
               +--------+--------+--------+--------+--------+-----+--------+

Top non-repeatable levels by time:
     D:2: 1151 daAuts
     D:3: 1135 daAuts
     D:1: 781 daAuts
     D:4: 295 daAuts
